 Dungeon Sprint DCSS version 0.30.1-9-gdf580d7c3d (webtiles) character file.

Game seed: 8905219087695847392

406 Heoruswealwe the Spear-Bearer (level 6, -1/63 HPs)
             Began as a Minotaur Fighter on Oct 19, 2023.
             Was an Initiate of Gozag.
             Slain by a hornet (6 damage)
             ... while paralysed by a hornet
             ... in the Dungeon (Sprint IX: "|||||||||||||||||||||||||||||").
             The game lasted 00:01:08 (160 turns).

Heoruswealwe the Spear-Bearer (Minotaur Fighter)     Turns: 160, Time: 00:01:09

Health: -1/63      AC:  8    Str: 22    XL:     6   Next: 56%
Magic:  5/5        EV:  2    Int:  5    God:    Gozag
Gold:   0          SH:  0    Dex: 10    Spells: 5/5 levels left

rFire   . . .        a - +0 trident
rCold   . . .        d - +0 buckler
rNeg    . . .        c - +0 scale mail
rPois   .            (helmet restricted)
rElec   .            (no cloak)
rCorr   .            (no gloves)
SInv    .            (no boots)
Will    .....        (no amulet) Stlth
                     (no ring)
HPRegen 0.30/turn    (no ring)
MPRegen 0.09/turn

%: no teleportation
@: paralysed, slowed
A: horns 2, retaliatory headbutt
a: Renounce Religion, Potion Petition, Call Merchant, Bribe Branch


You were in the Dungeon.
You worshipped Gozag.
Gozag was noncommittal.
You visited 1 branch

Inventory:

Hand Weapons
 a - a +0 trident (weapon)
Armour
 c - a +0 scale mail (worn)
 d - a +0 buckler (worn)
Jewellery
 k - a +3 ring of strength
 l - a +3 ring of dexterity
Wands
 h - a wand of roots (10)
Scrolls
 j - 2 scrolls of blinking
Potions
 b - a potion of might
 e - 4 potions of curing
 f - 3 potions of heal wounds
 g - a potion of haste
 i - a potion of berserk rage


   Skills:
 + Level 9.3 Fighting
 * Level 12.2 Polearms
 + Level 9.3 Armour
 - Level 3.6 Shields


You had 5 spell levels left.
You didn't know any spells.
Your spell library was empty.

Dungeon Overview and Level Annotations

Branches:
Dungeon (1/1)

Altars:
Cheibriados
Dithmenos
Elyvilon
Fedhas
Gozag
Hepliaklqana
Kikubaaqudgha
Makhleb
Nemelex Xobeh
Okawaru
Qazlal
Ru
Sif Muna
Trog
Uskayaw
Vehumet
Wu Jian
Xom
Yredelemnul
Zin
The Shining One
Jiyva
Lugonu


Innate Abilities, Weirdness & Mutations

You have a pair of horns on your head.
You reflexively headbutt those who attack you in melee.


Message History

You catch the helpless steam dragon completely off-guard!
You puncture the steam dragon!
The steam dragon is no longer distracted by gold.
You headbutt the steam dragon, but do no damage.
The steam dragon is almost dead.
You barely miss the steam dragon. Your headbutt misses the steam dragon.
The steam dragon is almost dead.
The steam dragon breathes steam at you. The ball of steam misses you.
You puncture the steam dragon!
You kill the steam dragon!
You are engulfed in a cloud of scalding steam.
Your Fighting skill increases to level 9!
Your Polearms skill gained 2 levels and is now at level 12!
Your Armour skill increases to level 9!
You closely miss the hornet.
You are engulfed in a cloud of scalding steam.
The hornet barely misses you.
You puncture the hornet! Your headbutt misses the hornet.
The hornet is moderately wounded.
You are engulfed in a cloud of scalding steam.
The hornet stings you but does no damage.
You closely miss the hornet.
You headbutt the hornet, but do no damage.
The hornet is moderately wounded.
You are engulfed in a cloud of scalding steam.
The hornet is engulfed in a cloud of scalding steam.
The hornet stings you!
You suddenly lose the ability to move!
You are engulfed in a cloud of scalding steam.
The hornet is engulfed in a cloud of scalding steam.
The hornet stings you.
* * * LOW HITPOINT WARNING * * *
You feel yourself slow down.
The hornet stings you but does no damage.
The hornet stings you!
* * * LOW HITPOINT WARNING * * *
You feel as though you will be slow longer.
The hornet stings you.
You die...
Your body crumbles into a pile of gold.

$
▓?▓
$
▓)▓
$
▓§▓
▓[▓
$
▓[▓
▓[▓
$
▓.▓
▓.▓
$ $
▓@▓
▓y▓
$
▓{▓
$
▓.▓
$ $
▓.▓
$
▓.▓
$
▓.▓
▓+▓


You could see a hornet.

Vanquished Creatures
  A steam dragon (D)
  A centaur (D)
  A scorpion (D)
  A killer bee (D)
  A howler monkey (D)
  A hound (D)
  2 adders (D)
  An orc (D)
  An endoplasm (D)
  A frilled lizard (D)
  A kobold (D)
  2 rats (D)
14 creatures vanquished.

Notes
Turn   | Place    | Note
-------+----------+-------------------------------------------
     0 | D        | Heoruswealwe the Minotaur Fighter began the quest for the
                  | Orb.
     0 | D        | Reached XP level 1. HP: 19/19 MP: 0/0
     6 | D        | Reached skill level 3 in Polearms
    51 | D        | Noticed a hound
    51 | D        | Noticed a scorpion
    57 | D        | Killed a hound
    58 | D        | Reached skill level 5 in Fighting
    58 | D        | Reached skill level 6 in Polearms
    58 | D        | Reached skill level 5 in Armour
    58 | D        | Reached XP level 2. HP: 20/29 MP: 1/1
    58 | D        | Reached XP level 3. HP: 25/36 MP: 2/2
    67 | D        | Killed a scorpion
    68 | D        | Reached skill level 7 in Polearms
    68 | D        | Reached XP level 4. HP: 31/45 MP: 3/3
    75 | D        | Reached skill level 8 in Polearms
    93 | D        | Found a snail-covered altar of Cheibriados.
    93 | D        | Found a shadowy altar of Dithmenos.
    93 | D        | Found a white marble altar of Elyvilon.
    93 | D        | Found a blossoming altar of Fedhas.
    93 | D        | Found an opulent altar of Gozag.
    94 | D        | Found a hazy altar of Hepliaklqana.
    95 | D        | Found a viscous altar of Jiyva.
    96 | D        | Found an ancient bone altar of Kikubaaqudgha.
    97 | D        | Found a corrupted altar of Lugonu.
    98 | D        | Found a burning altar of Makhleb.
    99 | D        | Found a sparkling altar of Nemelex Xobeh.
   100 | D        | Found an iron altar of Okawaru.
   101 | D        | Became a worshipper of Gozag Ym Sagoz the Greedy
   102 | D        | Found a stormy altar of Qazlal.
   103 | D        | Found a sacrificial altar of Ru.
   104 | D        | Found a shimmering blue altar of Sif Muna.
   105 | D        | Found a bloodstained altar of Trog.
   106 | D        | Found a hide-covered altar of Uskayaw.
   107 | D        | Found a radiant altar of Vehumet.
   108 | D        | Found an ornate altar of the Wu Jian Council.
   109 | D        | Found a shimmering altar of Xom.
   110 | D        | Found a basalt altar of Yredelemnul.
   111 | D        | Found a glowing silver altar of Zin.
   112 | D        | Found a glowing golden altar of the Shining One.
   136 | D        | Noticed a centaur
   136 | D        | Noticed a steam dragon
   136 | D        | Noticed a hornet
   138 | D        | Killed a centaur
   139 | D        | Reached skill level 9 in Polearms
   139 | D        | Reached XP level 5. HP: 35/53 MP: 4/4
   145 | D        | Reached skill level 10 in Polearms
   147 | D        | Reached XP level 6. HP: 32/62 MP: 5/5
   154 | D        | Killed a steam dragon
   155 | D        | Reached skill level 12 in Polearms
   157 | D        | Paralysed by a hornet for 3 turns
   160 | D        | Slain by a hornet

Illustrated notes

Levels and vault maps discovered:
D:        linesprint [early_d, line_temple, items_1, d_10, items_2, lair_1,
          lair_end, items_3, orc_1, orc_end, items_4, d_15, swamp_1, shoals_1,
          snake_1, spider_1, d_20, vaults_1, items_5, swamp_end, shoals_end,
          snake_end, spider_end, vaults_end, d_27, items_6, zot_1, zot_end,
          crypt_end, forest_end, elf_end, slime_end, tomb_end, abyss_end,
          pan_hell_end]

Skill      XL: |  1  2  3  4  5  6 |
---------------+-------------------+-----
Polearms       | 6 7 9 10 12 | 12.2
Fighting       | 5 6 7 8 9 |  9.3
Armour         | 5 6 7 8 9 |  9.3
Shields        | |  3.6

Action                     |  1- 3 |  4- 6 || total
---------------------------+-------+-------++-------
  Melee: Trident           |    25 |    39 ||    64
         Headbutt          |     4 |     6 ||    10
    Use: Potion            |     1 |       ||     1
   Stab: Distracted        |       |     2 ||     2
 Armour: Scale mail        |     7 |    16 ||    23
  Dodge: Dodged            |     6 |    11 ||    17
  Block: Buckler           |     4 |     8 ||    12
